 Dungeon Crawl Stone Soup version 0.27.1-33-g824d729ab1 (webtiles) character file.

Game seed: 10106350050600835049

16131 potato4science the Severer (level 12, 0/106 HPs)
             Began as a Minotaur Berserker on Dec 15, 2021.
             Was a Priest of Trog.
             Killed from afar by an ice dragon (shapeshifter) (7 damage)
             ... with a blast of cold
             ... in a Gauntlet.
             The game lasted 01:40:57 (14333 turns).

potato4science the Severer (Minotaur Berserker)    Turns: 14333, Time: 01:40:58

Health: 0/106      AC: 20    Str: 23    XL:     12   Next: 7%
Magic:  11/11      EV: 11    Int:  7    God:    Trog [***...]
Gold:   1307       SH: 12    Dex: 11    Spells: 11/11 levels left

rFire    . . .     SeeInvis .   t - +1 war axe
rCold    . . .     Faith    .   D - +0 kite shield
rNeg     . . .     Spirit   .   K - +0 acid dragon scales
rPois    .         Reflect  .   (helmet restricted)
rElec    .         Harm     .   x - +0 cloak
rCorr    +         Rampage  .   k - +0 pair of gloves
Will     ++...     NoTele   +   m - +0 pair of boots
Stlth    +.........             A - amulet of regeneration
HPRegen  2.27/turn              b - +4 ring of protection
MPRegen  0.12/turn              U - +4 ring of protection

@: strong-willed, on berserk cooldown, regenerating, slowed, very slow
A: horns 2, retaliatory headbutt
a: Renounce Religion, Berserk, Trog's Hand


You were in a Gauntlet.
You worshipped Trog.
Trog was most pleased with you.
You visited 1 branch of the dungeon, and saw 13 of its levels.
You also visited: Ossuary, Bailey and Gauntlet.

You collected 1407 gold pieces.
You spent 100 gold pieces at shops.

Inventory:

Hand Weapons
 s - a +0 spear
 t - a +1 war axe (weapon)
 I - a +1 hand crossbow of freezing
Missiles
 a - 8 atropa-tipped darts
 d - 105 sling bullets
 f - 83 bolts
 i - 306 stones
 r - 46 poisoned darts
 C - 8 boomerangs (quivered)
 G - 4 curare-tipped darts
 M - 7 javelins
 O - 2 silver javelins
Armour
 k - a +0 pair of gloves (worn)
 m - a +0 pair of boots (worn)
 x - a +0 cloak (worn)
 D - a +0 kite shield (worn)
 K - +0 acid dragon scales (worn)
Jewellery
 b - a +4 ring of protection (left hand)
 A - an amulet of regeneration (around neck)
 U - a +4 ring of protection (right hand)
Wands
 h - a wand of iceblast (19)
 u - a wand of flame (44)
 E - a wand of digging (12)
 J - a wand of polymorph (3)
 L - a wand of acid (5)
Scrolls
 c - 4 scrolls of teleportation
 e - a scroll of fog
 g - 7 scrolls of enchant armour
 l - 9 scrolls of enchant weapon
 q - 3 scrolls of blinking
 y - a scroll of fear {unknown}
 B - a scroll of torment {unknown}
 F - a scroll of holy word {unknown}
 H - a scroll of magic mapping
 P - a scroll of vulnerability {unknown}
 V - 2 scrolls of identify
Potions
 j - 5 potions of might
 n - 5 potions of heal wounds
 o - 4 potions of curing
 p - 2 potions of haste
 v - 2 potions of invisibility
 w - 3 potions of flight
 z - 3 potions of lignification
 R - 2 potions of magic
 S - a potion of experience
 T - 2 potions of cancellation {unknown}
Miscellaneous
 N - a phial of floods
 Q - a piece from Xom's chessboard (15/15)
 W - a condenser vane


   Skills:
 + Level 9.7 Fighting
 - Level 16.0 Axes
 + Level 9.7 Armour
 - Level 4.0 Dodging
 - Level 0.4 Stealth
 + Level 10.2 Shields


You had 11 spell levels left.
You didn't know any spells.
Your spell library was empty.

Dungeon Overview and Level Annotations

Branches:
Dungeon (13/15)            Temple (0/1) D:5            Lair (0/6) D:10
    Orc (0/2) D:12         Vaults (0/5) D:13        Ossuary (visited)
 Bailey (visited)         Gauntlet (1/1)

Altars:
Dithmenos
Elyvilon
Fedhas
Kikubaaqudgha
Makhleb
Okawaru
Ru
Trog
Uskayaw
Vehumet
Xom
Yredelemnul
The Shining One

Shops:
D:4 **   D:6 :

Annotations:
D:8 2 runed translucent doors Gauntlet 9 transporters, exclusion: orange crystal statue


Innate Abilities, Weirdness & Mutations

You have a pair of horns on your head.
You reflexively headbutt those who attack you in melee.


Message History

The komodo dragon hisses menacingly.
The komodo dragon bites you. The ice dragon bites you.
The ice dragon claws you but does no damage.
You block the ice dragon's attack.
You hit the komodo dragon.
You kill the komodo dragon!
Trog accepts your kill.
You barely miss the ice dragon.
The boulder beetle leaps!
The ice dragon breathes frost at you. The blast of cold hits you!!
* * * LOW HITPOINT WARNING * * *
The boulder beetle changes into a hydra!
You see here a shapeshifter corpse.
You are too injured to fight recklessly!
You are too injured to fight recklessly!
You are too injured to fight recklessly!
You are too injured to fight recklessly!
You are too injured to fight recklessly!
You slash the ice dragon! Your headbutt misses the ice dragon.
The ice dragon is moderately wounded.
The six-headed hydra looks momentarily different.
The ice dragon bites you but does no damage.
You block the ice dragon's attack. x2
You hit the ice dragon. You headbutt the ice dragon!
The ice dragon is moderately wounded.
The six-headed hydra changes into a death yak!
The ice dragon breathes frost at you. The blast of cold hits you!!
* * * LOW HITPOINT WARNING * * *
The great orb of eyes pulsates ominously.
The ice dragon completely misses you. You furiously retaliate!
You headbutt the ice dragon, but do no damage.
The ice dragon barely misses you.
The ice dragon tramples you but does no damage.
You hit the ice dragon. You headbutt the ice dragon!
The ice dragon is heavily wounded.
The death yak changes into an alligator snapping turtle!
The ice dragon breathes frost at you. The blast of cold hits you!
You die...

♣.#©##.#©.#©#©#.........♣.≈##
..#.#.#.#^#.#.#########...≈≈# # #
P.#.#.#..##.#.#.......#...≈##...#
P.#.##.##..##.#.#.###[#.P.## .♣.#
♣.#.#########.#...###[#.♣..##....
..#.#.......#©#..©###©#.P...#.♣.#
###.#..P♣P..###t##....#..P♣.#....
'.#.#.P.......#D##...!#...P.#.©.#
#†#.#.#≈#≈#P..#.@.....#.....#...#
..#.#.≈≈≈≈≈P..#########.....#.©.#
###©#.#≈#≈#P♣............∩..#...#
#©#.#.≈≈≈≈≈P..#########.....#.©.#
#.#.#.#≈#≈#P..#uG.....#.....#...#
..#.#..PP.P...#..##..##.....#.©.#
###.#..P♣P..###.##..###..P♣.#....
..#.#.......#©###^©##©#..P..#.♣.#
♣.#.#########.##..##!|#.♣..##....


You could see an alligator snapping turtle shaped shifter, an ice dragon
(catching breath), a great orb of eyes and a green ugly thing.

Vanquished Creatures
  A hydra (D:12)
  A two-headed ogre (D:10)
  An orc knight (Bailey)
  A cyclops (D:9)
  2 gargoyles
  An ice devil (Gauntlet)
  A komodo dragon (shapeshifter) (Gauntlet)
  5 trolls
  3 hornets
  Grinder (D:5)
  3 slime creatures (D:13)
  2 meliai zombies
  Sigmund (D:5)
  17 yaks
  A vampire (D:13)
  A basilisk (D:12)
  6 vampire mosquitoes
  3 acid dragons
  3 water moccasins
  13 orc warriors
  2 ice beasts
  3 black bears
  An ogre (D:6)
  2 centaurs
  A phantom (D:3)
  2 kobold brigands
  7 bullfrogs
  2 scorpions
  A wyvern skeleton (D:5)
  12 killer bees
  4 wights (D:9)
  2 howler monkeys
  A jelly (D:6)
  10 centaur zombies
  A centaur skeleton (D:7)
  5 orc priests
  2 hounds
  A human zombie (Ossuary)
  A gnoll shaman (D:9)
  3 iguanas
  3 orc wizards
  A scorpion zombie (D:5)
  2 mummies (Ossuary)
  2 howler monkey zombies (D:9)
  9 gnolls
  A howler monkey skeleton (D:6)
  6 adders
  A shadow imp (D:6)
  7 white imps
  An ufetubus (D:7)
  3 dart slugs
  A worm (D:4)
  47 orcs
  5 ball pythons
  4 endoplasms
  4 giant cockroaches
  10 goblins
  3 hobgoblins
  12 jackals
  11 kobolds
  2 quokkas
  7 bats
  5 frilled lizards
  A gnoll zombie (Ossuary)
  4 goblin zombies (Ossuary)
  4 hobgoblin zombies (Ossuary)
  4 orc zombies (Ossuary)
  3 rats
293 creatures vanquished.

Vanquished Creatures (collateral kills)
  An orb spider (shapeshifter) (Gauntlet)
  An orc knight (Bailey)
  3 orc warriors (Bailey)
  5 orcs (Bailey)
10 creatures vanquished.

Vanquished Creatures (others)
  7 fungi
  10 plants (D:10)
  6 toadstools (D:9)
23 creatures vanquished.

Grand Total: 326 creatures vanquished

Notes
Turn   | Place    | Note
-------+----------+-------------------------------------------
     0 | D:1      | potato4science the Minotaur Berserker began the quest for
                  | the Orb.
     0 | D:1      | Reached XP level 1. HP: 19/19 MP: 0/0
   430 | D:1      | Reached skill level 4 in Axes
   430 | D:1      | Reached XP level 2. HP: 26/26 MP: 1/1
   617 | D:1      | Reached skill level 1 in Shields
  1211 | D:2      | Reached XP level 3. HP: 30/31 MP: 2/2
  1432 | D:2      | Reached ** piety under Trog
  1641 | D:2      | Found a faded altar of an unknown god.
  2037 | D:2      | Reached XP level 4. HP: 40/40 MP: 3/3
  2537 | D:3      | Noticed a water moccasin
  2553 | D:3      | Killed a water moccasin
  2554 | D:3      | Reached XP level 5. HP: 45/46 MP: 4/4
  2918 | D:3      | Found a burning altar of Makhleb.
  2932 | D:3      | Reached skill level 5 in Armour
  3416 | D:4      | Found Poimetz's General Store.
  3446 | D:4      | Noticed a phantom
  3510 | D:3      | Killed a phantom
  3511 | D:3      | Reached skill level 5 in Shields
  3511 | D:3      | Reached XP level 6. HP: 44/52 MP: 5/5
  3619 | D:4      | Found Jachyiv's Elemental Accessories.
  3695 | D:4      | Found a sand-covered staircase.
  3702 | Ossuary  | Entered an ossuary
  4019 | D:4      | Reached *** piety under Trog
  4021 | D:4      | Reached skill level 5 in Fighting
  4222 | D:4      | Reached skill level 5 in Axes
  4421 | D:4      | Reached XP level 7. HP: 61/61 MP: 6/6
  4571 | D:4      | Bought 2 potions of heal wounds for 100 gold pieces
  4929 | D:5      | Entered Level 5 of the Dungeon
  4933 | D:5      | Noticed Sigmund
  5272 | D:5      | Found a staircase to the Ecumenical Temple.
  5507 | D:5      | Noticed Grinder
  5512 | D:5      | Paralysed by Grinder for 3 turns
  5553 | D:5      | Killed Grinder
  5554 | D:5      | Reached skill level 7 in Axes
  5615 | D:5      | Found a shimmering altar of Xom.
  5615 | D:5      | Found a glowing golden altar of the Shining One.
  5616 | D:5      | Found an iron altar of Okawaru.
  5627 | D:5      | Found a blossoming altar of Fedhas.
  6081 | D:5      | Reached XP level 8. HP: 68/68 MP: 7/7
  6476 | D:6      | Reached skill level 8 in Axes
  6561 | D:6      | Reached skill level 9 in Axes
  6670 | D:6      | Found a bloodstained altar of Trog.
  6803 | D:6      | Found Perhoun's Book Emporium.
  7114 | D:6      | Found a shadowy altar of Dithmenos.
  7686 | D:7      | Reached skill level 10 in Axes
  8145 | D:7      | Reached skill level 11 in Axes
  8145 | D:7      | Reached XP level 9. HP: 74/74 MP: 8/8
  8779 | D:7      | Reached skill level 12 in Axes
  8991 | D:8      | Reached skill level 13 in Axes
  9032 | D:8      | Noticed a troll
  9063 | D:8      | Found a hide-covered altar of Uskayaw.
  9126 | D:8      | Noticed a kobold demonologist
  9126 | D:8      | Noticed a kobold demonologist
  9127 | D:8      | Noticed a purple ugly thing
  9197 | D:8      | Found a white marble altar of Elyvilon.
  9316 | D:8      | Found a large runed translucent door.
  9316 | D:8      | Found a large runed translucent door.
  9317 | D:8      | Found a shimmering altar of Xom.
  9317 | D:8      | Noticed a green ugly thing
  9682 | D:5      | Killed Sigmund
  9920 | D:8      | Killed a troll
  9921 | D:8      | Reached skill level 14 in Axes
  9956 | D:9      | Noticed a cyclops
 10023 | D:8      | Reached XP level 10. HP: 55/81 MP: 9/9
 10070 | D:9      | Found an ancient bone altar of Kikubaaqudgha.
 10196 | D:9      | Found a sacrificial altar of Ru.
 10254 | D:9      | Reached **** piety under Trog
 10355 | D:9      | Killed a cyclops
 10356 | D:9      | Reached skill level 15 in Axes
 10548 | D:9      | Found a basalt altar of Yredelemnul.
 10893 | D:10     | Entered Level 10 of the Dungeon
 10994 | D:10     | Found a staircase to the Lair.
 11080 | D:10     | Reached skill level 16 in Axes
 11094 | D:10     | Found a radiant altar of Vehumet.
 11096 | D:10     | Noticed a two-headed ogre
 11471 | D:10     | Killed a two-headed ogre
 11472 | D:10     | Reached XP level 11. HP: 91/91 MP: 10/10
 11520 | D:10     | Paralysed by a hornet for 3 turns
 12433 | D:11     | You fall into a shaft and drop 1 floor!
 12709 | D:12     | Found a flagged portal.
 12721 | D:12     | Noticed a four-headed hydra
 12724 | Bailey   | Entered a bailey
 13028 | Bailey   | Noticed an orc knight
 13028 | Bailey   | Noticed an orc knight
 13037 | Bailey   | Killed an orc knight
 13043 | Bailey   | Killed an orc knight
 13101 | D:12     | Killed a four-headed hydra
 13314 | D:12     | Found the +3 hat of Pondering {ponderous, Will+ MP+10
                  | Int+5}
 13639 | D:12     | Found a staircase to the Orcish Mines.
 13831 | D:13     | Noticed an orc knight
 13831 | D:13     | Noticed a fire crab
 13831 | D:13     | Noticed a two-headed ogre
 13831 | D:13     | Noticed a centaur warrior
 13831 | D:13     | Found a gate to the Vaults.
 13878 | D:13     | Found a gate leading to a gauntlet.
 13904 | D:13     | Reached skill level 10 in Shields
 13906 | D:13     | Reached XP level 12. HP: 41/105 MP: 11/11
 13962 | Gauntlet | Entered a Gauntlet
 13962 | Gauntlet | Found a transporter.
 13968 | Gauntlet | Found a runed translucent door.
 13972 | Gauntlet | Found a transporter.
 13983 | Gauntlet | Found a transporter.
 13986 | Gauntlet | Found a transporter.
 13995 | Gauntlet | Found a transporter.
 14011 | Gauntlet | Found a transporter.
 14022 | Gauntlet | Found a transporter.
 14025 | Gauntlet | Noticed a great orb of eyes
 14033 | Gauntlet | Found a transporter.
 14034 | Gauntlet | Noticed a catoblepas
 14048 | Gauntlet | Found a transporter.
 14062 | Gauntlet | Found a transporter.
 14062 | Gauntlet | Found a transporter.
 14104 | Gauntlet | Found a transporter.
 14134 | Gauntlet | Noticed a two-headed ogre
 14134 | Gauntlet | a cyclops changed into a two-headed ogre
 14137 | Gauntlet | a two-headed ogre changed into a torpor snail
 14147 | Gauntlet | Noticed an anaconda
 14147 | Gauntlet | a faun changed into an anaconda
 14148 | Gauntlet | Noticed a spark wasp
 14148 | Gauntlet | an anaconda changed into a spark wasp
 14149 | Gauntlet | Noticed a fire dragon
 14149 | Gauntlet | a spark wasp changed into a fire dragon
 14150 | Gauntlet | Found a transporter.
 14150 | Gauntlet | a fire dragon changed into a goliath frog
 14158 | Gauntlet | Noticed a fire dragon
 14158 | Gauntlet | a goliath frog changed into a fire dragon
 14159 | Gauntlet | Noticed a quicksilver ooze
 14159 | Gauntlet | a fire dragon changed into a quicksilver ooze
 14168 | Gauntlet | Noticed an alligator
 14168 | Gauntlet | a quicksilver ooze changed into an alligator
 14171 | Gauntlet | Noticed an ettin
 14171 | Gauntlet | an alligator changed into an ettin
 14174 | Gauntlet | Noticed a bunyip
 14174 | Gauntlet | an ettin changed into a bunyip
 14175 | Gauntlet | Noticed a great orb of eyes
 14175 | Gauntlet | a bunyip changed into a great orb of eyes
 14177 | Gauntlet | Noticed a satyr
 14177 | Gauntlet | a great orb of eyes changed into a satyr
 14219 | Gauntlet | Found a transporter.
 14309 | Gauntlet | Noticed a spark wasp
 14313 | Gauntlet | Noticed an ice dragon
 14314 | Gauntlet | Noticed a boulder beetle
 14314 | Gauntlet | a spark wasp changed into a boulder beetle
 14315 | Gauntlet | Noticed an ettin
 14315 | Gauntlet | a boulder beetle changed into an ettin
 14324 | Gauntlet | Noticed a boulder beetle
 14330 | Gauntlet | Noticed a six-headed hydra
 14330 | Gauntlet | a boulder beetle changed into a six-headed hydra
 14332 | Gauntlet | Noticed a death yak
 14332 | Gauntlet | a six-headed hydra changed into a death yak
 14332 | Gauntlet | HP: 4/106 [ice dragon (shapeshifter)/blast of cold (32)]
 14333 | Gauntlet | Noticed an alligator snapping turtle
 14333 | Gauntlet | a death yak changed into an alligator snapping turtle
 14333 | Gauntlet | Killed from afar by an ice dragon (shapeshifter)

Illustrated notes

Levels and vault maps discovered:
D:1:      minmay_arrival_arboretum_small, layout_basic
D:2:      layout_basic, ebering_ecumenical_altar_sacrificial,
          minmay_misc_feat_rows, dk_noncrumbling_2, minmay_indecisive_spiral
D:3:      wander_river, layout_basic, mainiacjoe_overflow_boulevard
D:4:      layout_loops_corners, serial_shops, shop,
          nicolae_ossuary_entry_false_entrances, chequers_avenue, st_stairs_1,
          nicolae_elemental_shop
D:5:      layout_basic, nicolae_overflow_quartered_altars,
          minmay_temple_entry_waves, uniq_sigmund, uniq_grinder
D:6:      layout_layer_cave, trog_book, kennysheep_mini, serial_shops, shop
D:7:      layout_layer_cave
D:8:      due_chaos_kobolds, layout_rooms, elyvilon_altar_5,
          eat_drink_and_be_merry_uskayaw
D:9:      layout_roguey, kiku_gazebo_garden_becter,
          nicolae_yredelemnul_corpse_copse, mainiacjoe_overflow_tiny_flanked,
          minmay_gold_behind_fungi
D:10:     layout_roguey, lemuel_tele_altar, grunt_lair_entry_orc_guard_hut,
          minmay_diced_spiral
D:11:     layout_gridville
D:12:     layout_roguey, david_orc_4, enter_bailey_5
D:13:     minmay_spiral_squares, layout_cross, david_vaults_3,
          gauntlet_entry_generic
Gauntlet: minmay_gauntlet_77_tree [minmay_gauntlet_arena_77_path,
          minmay_gauntlet_arena_77_broken_ladder, minmay_gauntlet_arena_77_mess,
          minmay_gauntlet_arena_77_double_cross,
          minmay_gauntlet_arena_77_two_lines,
          minmay_gauntlet_arena_77_block_sizes,
          minmay_gauntlet_arena_77_radiant_squares,
          nicolae_gauntlet_exit_dead_adventurers]

Skill      XL: |  1  2  3  4  5  6  7  8  9 10 11 |
---------------+----------------------------------+-----
Axes           | 4 5 7 11 14 16 | 16.0
Armour         | 3 4 5 6 9 |  9.7
Shields        | 2 3 4 5 6 7 10 | 10.2
Dodging        | 3 4 |  4.0
Fighting       | 4 5 6 9 |  9.7
Stealth        | |  0.4

Action                   |  1- 3 |  4- 6 |  7- 9 | 10-12 || total
-------------------------+-------+-------+-------+-------++-------
Melee: Hand axe          |    82 |     3 |       |       ||    85
       Headbutt          |    13 |    25 |    32 |    98 ||   168
       War axe           |       |   125 |   199 |   533 ||   857
Throw: Stone             |    32 |   105 |    66 |     5 ||   208
       Boomerang         |       |       |       |    13 ||    13
Invok: Berserk           |       |     1 |     4 |     4 ||     9
       Trog's Hand       |       |     1 |     3 |     4 ||     8
       Brothers in Arms  |       |       |       |     5 ||     5
Evoke: Wand              |       |       |       |     4 ||     4
  Use: Scroll            |       |    10 |     3 |     5 ||    18
       Potion            |       |       |       |     1 ||     1
Armor: Scale mail        |    32 |       |       |       ||    32
       Chain mail        |     5 |    52 |   121 |       ||   178
       Acid dragon scale |       |       |     8 |   225 ||   233
Dodge: Dodged            |    40 |    42 |    83 |   221 ||   386
Block: Buckler           |     8 |    20 |    10 |       ||    38
       Kite shield       |       |       |   112 |   316 ||   428
